 Dungeon Crawl Stone Soup version 0.24.0-7-gb3623d2c88 (webtiles) character file.

Game seed: 15199592553656919891, levelgen mode: deterministic

8958 magipi the Grappler (level 11, 0/109 HPs)
             Began as a Troll Arcane Marksman on Nov 1, 2019.
             Slain by a black mamba (4 damage)
             ... on level 3 of the Lair of Beasts on Nov 2, 2019.
             The game lasted 00:29:00 (4497 turns).

magipi the Grappler (Troll Arcane Marksman)         Turns: 4497, Time: 00:29:01

Health: 0/109      AC:  6    Str: 20    XL:     11   Next: 16%
Magic:  11/11      EV: 13    Int: 11    God:
Gold:   289        SH:  0    Dex: 11    Spells: 11/12 levels left

rFire    . . .     SeeInvis .     - Unarmed
rCold    . . .     Gourm    +   (no shield)
rNeg     . . .     Faith    .   a - +0 robe
rPois    .         Spirit   .   (helmet restricted)
rElec    .         Reflect  .   (no cloak)
rCorr    .         Harm     .   (gloves unavailable)
MR       .....                  (boots unavailable)
Stlth    +.........             (no amulet)
HPRegen  0.68/turn              s - +2 ring of slaying
MPRegen  0.12/turn              v - +3 ring of evasion

@: lethally poisoned (0 -> -14)
A: large, unfitting armour, claws 3, fast metabolism 3, gourmand, regeneration
1, shaggy fur 1, tough skin 3
a: no special abilities


You were on level 3 of the Lair of Beasts.
You were completely stuffed.

You visited 3 branches of the dungeon, and saw 13 of its levels.

You collected 289 gold pieces.

Inventory:

Missiles
 c - 4 large rocks (quivered)
 d - 3 throwing nets
 n - 8 curare-tipped darts
Armour
 a - a +0 robe (worn)
Jewellery
 e - an uncursed ring of flight
   (You found it on level 1 of the Dungeon)
 o - a +3 ring of strength
   (You took it off a hobgoblin on level 3 of the Dungeon)
 s - a +2 ring of slaying (left claw)
   (You found it on level 2 of the Dungeon)
 v - a +3 ring of evasion (right claw)
   (You found it on level 1 of the Dungeon)
Wands
 i - a wand of digging (6)
   (You found it on level 2 of the Dungeon)
 p - a wand of enslavement (12)
   (You found it on level 7 of the Dungeon)
 r - a wand of clouds (6)
   (You found it on level 8 of the Dungeon)
 y - a wand of acid (7)
   (You found it on level 1 of the Lair of Beasts)
 z - a wand of flame (19)
   (You found it on level 2 of the Lair of Beasts)
Scrolls
 b - 2 scrolls of enchant weapon
 g - 2 scrolls of torment {unknown}
 j - 3 scrolls of identify
 k - 2 scrolls of remove curse
 l - 3 scrolls of magic mapping {unknown}
 m - 2 scrolls of teleportation
 q - a scroll of enchant armour {unknown}
 t - a scroll of random uselessness {unknown}
Potions
 f - a potion of haste
 h - a potion of lignification
 w - 2 potions of flight
Comestibles
 u - 6 chunks of flesh
 x - 8 rations


   Skills:
 + Level 7.3 Fighting
 + Level 8.2 Throwing
 - Level 1.5 Dodging
 - Level 12.0 Unarmed Combat
 - Level 1.0 Spellcasting
 - Level 2.0 Hexes
 + Level 0.4 Evocations


You had 11 spell levels left.
You knew the following spells:

 Your Spells              Type           Power        Failure   Level  Hunger
a - Corona                Hex            #......      14%         1    ##.....

Your spell library contained the following spells:

 Spells                   Type           Power        Failure   Level  Hunger
 Slow                     Hex            #.......     22%         2    ###....
 Inner Flame              Hex/Fire       #.......     54%         3    ####...
 Portal Projectile        Hex/Tloc       #.....       54%         3    ####...
 Cause Fear               Hex            #.........   80%         4    #####..
 Leda's Liquefaction      Hex/Erth       #.........   91%         4    #####..


Dungeon Overview and Level Annotations

Branches:
Dungeon (9/15)             Temple (1/1) D:6            Lair (3/6) D:9
  Swamp: Lair:2-4    Shoals: Lair:2-4     Snake: Lair:2-4    Spider: Lair:2-4
    Orc: D:9-12

Altars:
Elyvilon
Fedhas
Trog
Zin

Annotations:
D:4 Natasha
D:7 Pikel
D:8 3 runed translucent doors


Innate Abilities, Weirdness & Mutations

You are too large for most types of armour.
You have claws for hands.
Your metabolism is lightning-fast.
You like to eat raw meat.
Your natural rate of healing is unusually fast.
You are covered in fur. (AC +1)
You have extremely tough skin. (AC +3)


Message History

The porcupine bites you!
You are struck by the porcupine's spines.
You claw the porcupine!
You kill the porcupine!
Found a scroll of identify.
You see here a porcupine corpse.
You butcher the porcupine corpse.
u - 12 chunks of flesh (gained 1)
You see here a porcupine skeleton.
Eat one of 12 chunks of flesh? (ye/n/q)
You eat one of the 12 chunks of flesh.
This raw flesh tastes great.
Found a dagger.
j - 3 scrolls of identify (gained 1)
Okay, then.
You start resting.
Eating one of 11 chunks of flesh.
You eat one of the 11 chunks of flesh.
This raw flesh tastes great.
Eating one of 10 chunks of flesh.
You eat one of the 10 chunks of flesh.
This raw flesh tastes great.
Some of the chunks of flesh in your inventory have rotted away.
Eating one of 7 chunks of flesh.
You eat one of the 7 chunks of flesh.
This raw flesh tastes great.
HP restored.
You see here a porcupine skeleton.
There is a stone staircase leading down here.
You climb downwards.
Found an escape hatch in the floor.
There is a stone staircase leading up here.
Unknown command.
A yak comes into view.
Found 25 gold pieces.
A black mamba comes into view.
The yak bellows!
The black mamba hisses angrily.
You hear a bellow!
Found 13 stones.
You barely miss the black mamba. The black mamba bites you! x2
You are poisoned.
The black mamba poisons you!
You claw the black mamba! Your claw misses the black mamba.
The black mamba is moderately wounded.
You feel sick.
The black mamba bites you but does no damage.
You barely miss the black mamba.
The black mamba is moderately wounded.
You feel sick. The black mamba bites you!
You are more poisoned.
The black mamba poisons you!
You closely miss the black mamba.
The black mamba is moderately wounded.
You feel sick. The black mamba barely misses you. x2
Evoke which item? (* to show all) (? for menu, Esc to quit)
Aiming: Enslavement
Press: ? - help, Shift-Dir - straight line, f - black mamba
Aim: a black mamba (lightly wounded, chance to defeat MR: 47%)
The black mamba resists with some effort.
You feel sick. The black mamba bites you.
You are more poisoned.
The black mamba poisons you!
A yak comes into view.
A spiny frog comes into view.
The black mamba bites you. The yak gores you but does no damage.
Unknown command.
Unknown command.
You feel very sick.
You feel very sick. The black mamba bites you.
There is a stone staircase leading up, spattered with blood here.
You feel very sick. The black mamba bites you!
You feel very sick. The black mamba bites you!
* * * LOW HITPOINT WARNING * * *
Unknown command.
Evoke which item? (* to show all) (? for menu, Esc to quit)
Aiming: Enslavement
Press: ? - help, Shift-Dir - straight line, f/p - black mamba
Aim: a black mamba (lightly wounded, chance to defeat MR: 47%)
The black mamba resists with some effort.
You feel very sick. The black mamba bites you!
* * * LOW HITPOINT WARNING * * *
The black mamba bites you!
* * * LOW HITPOINT WARNING * * *
Unknown command.
Okay, then.
Okay, then.
Okay, then.
Unknown command.
Unknown command.
Okay, then.
Unknown command.
Unknown command.
Unknown command.
Evoke which item? (* to show all) (? for menu, Esc to quit)
Aiming: Enslavement
Press: ? - help, Shift-Dir - straight line, f/p - black mamba
Aim: a black mamba (lightly wounded, chance to defeat MR: 47%)
The black mamba resists with some effort.
* * * LOW HITPOINT WARNING * * *
You feel very sick. The black mamba bites you.
You die...

#.#..## #.#.#.##
#.#....# #.P...PP
##..>...P
#..#.P.# ###
#...#
..###.P###.P.#.#
.......@SY.....#
#.#.#####F##.P..#
### ....# (.F...
#.....# #.#..#
..#$


You could see a black mamba, a yak and a spiny frog.

Vanquished Creatures
  Erica (D:8)
  Psyche (D:9)
  A spiny frog (Lair:1)
  A komodo dragon (Lair:1)
  A troll (D:9)
  A hippogriff (Lair:2)
  9 yaks
  4 hungry ghosts
  2 porcupines (Lair:2)
  3 water moccasins
  3 orc warriors
  An ice beast (D:9)
  A slave (D:6)
  6 ogres
  12 wolves
  7 centaurs
  2 big kobolds
  3 crocodiles
  8 bullfrogs
  4 wights (D:9)
  2 electric eels (D:9)
  A howler monkey (D:7)
  A centaur zombie (D:9)
  3 crimson imps
  2 jellies
  4 orc priests
  5 hounds
  6 orc wizards
  4 iguanas
  7 worker ants
  A killer bee zombie (D:7)
  A hound skeleton (D:7)
  7 gnolls
  6 adders
  An adder zombie (D:6)
  2 worms
  2 dart slugs (D:2)
  7 leopard geckos
  30 orcs
  2 giant cockroaches
  11 goblins
  5 hobgoblins
  10 jackals
  3 quokkas
  3 ball pythons
  3 bats
  2 frilled lizards
  15 kobolds
  7 rats
224 creatures vanquished.

Vanquished Creatures (others)
  2 fungi (Lair:2)
  2 plants (Lair:2)
  11 toadstools (Lair:2)
15 creatures vanquished.

Grand Total: 239 creatures vanquished

Notes
Turn   | Place    | Note
-------+----------+-------------------------------------------
     0 | D:1      | magipi the Troll Arcane Marksman began the quest for the
                  | Orb.
     0 | D:1      | Reached XP level 1. HP: 18/18 MP: 1/1
   145 | D:1      | Reached skill level 1 in Fighting
   148 | D:1      | Reached skill level 1 in Unarmed Combat
   168 | D:2      | Reached XP level 2. HP: 25/27 MP: 2/2
   258 | D:2      | Noticed Robin
   491 | D:1      | Reached XP level 3. HP: 33/33 MP: 3/3
   506 | D:1      | Reached skill level 2 in Unarmed Combat
   762 | D:3      | Reached XP level 4. HP: 41/41 MP: 4/4
   875 | D:4      | Noticed an ogre
   882 | D:4      | Killed an ogre
   882 | D:4      | Reached skill level 3 in Unarmed Combat
   882 | D:4      | Reached XP level 5. HP: 37/49 MP: 5/5
   904 | D:4      | Noticed Natasha
   931 | D:5      | Entered Level 5 of the Dungeon
   935 | D:5      | Noticed an ice beast
   945 | D:5      | Noticed a centaur
   953 | D:5      | Killed a centaur
   953 | D:5      | Reached skill level 4 in Unarmed Combat
   953 | D:5      | Reached XP level 6. HP: 34/59 MP: 6/6
   964 | D:6      | Found a bloodstained altar of Trog.
   964 | D:6      | Noticed an orc warrior
   990 | D:6      | Killed an orc warrior
   996 | D:6      | Reached skill level 5 in Unarmed Combat
   996 | D:6      | Reached XP level 7. HP: 38/67 MP: 7/7
  1210 | D:6      | Found a staircase to the Ecumenical Temple.
  1248 | Temple   | Entered the Ecumenical Temple
  1249 | Temple   | Upgraded the game from 0.24.0-5-g267a8d59f4 to
                  | 0.24.0-7-gb3623d2c88
  1482 | D:6      | Reached skill level 6 in Unarmed Combat
  1702 | D:7      | Reached XP level 8. HP: 78/78 MP: 8/8
  1825 | D:7      | Found a glowing silver altar of Zin.
  1884 | D:7      | Reached skill level 7 in Unarmed Combat
  1912 | D:7      | Found a white marble altar of Elyvilon.
  1945 | D:7      | Reached skill level 5 in Throwing
  1949 | D:7      | Noticed Pikel
  2341 | D:8      | Reached skill level 8 in Unarmed Combat
  2364 | D:8      | Reached XP level 9. HP: 63/87 MP: 9/9
  2428 | D:8      | Noticed Erica
  2461 | D:8      | Killed Erica
  2461 | D:8      | Reached skill level 5 in Fighting
  2461 | D:8      | Reached skill level 9 in Unarmed Combat
  2600 | D:8      | HP: 2/88 [orc warrior/+0 trident (25)]
  2886 | D:9      | Noticed a troll
  2895 | D:9      | Killed a troll
  2920 | D:9      | Reached skill level 10 in Unarmed Combat
  2927 | D:9      | Reached XP level 10. HP: 70/98 MP: 10/10
  3265 | D:8      | Found Payher's Food Shop.
  3311 | D:8      | Found a runed translucent gate.
  3311 | D:8      | Found a runed translucent gate.
  3311 | D:8      | Found a runed translucent gate.
  3311 | D:8      | Noticed a green ugly thing
  3311 | D:8      | Noticed a green ugly thing
  3311 | D:8      | Noticed a white ugly thing
  3312 | D:8      | Noticed a cyan ugly thing
  3426 | D:9      | Noticed Psyche
  3482 | D:9      | Killed Psyche
  3534 | D:9      | Reached skill level 11 in Unarmed Combat
  3867 | D:9      | Found a staircase to the Lair.
  3896 | Lair:1   | Entered Level 1 of the Lair of Beasts
  3924 | Lair:1   | You fall into a shaft and drop 1 floor!
  3924 | Lair:2   | Noticed a catoblepas
  4036 | Lair:1   | Noticed a spiny frog
  4044 | Lair:1   | Killed a spiny frog
  4111 | Lair:1   | Reached XP level 11. HP: 78/109 MP: 11/11
  4261 | Lair:2   | Reached skill level 12 in Unarmed Combat
  4318 | Lair:2   | Found a blossoming altar of Fedhas.
  4339 | Lair:3   | Noticed a six-headed hydra
  4497 | Lair:3   | HP: 4/109 [poisoned by a black mamba]
  4497 | Lair:3   | Slain by a black mamba

Levels and vault maps discovered:
D:1:      mainiacjoe_arrival_reflecting_pool, layout_basic
D:2:      layout_basic, uniq_robin
D:3:      layout_basic, first_ration
D:4:      layout_basic, yredelemnul_forgotten_temple_becter,
          lemuel_crystal_altar, uniq_natasha, uniq_grinder
D:5:      layout_cave_pools, grunt_temple_overflow_open, serial_gnoll_camp,
          gnoll_camp_mini_doghouse, gnoll_camp_huts_basic,
          gnoll_camp_mini_house, gnoll_camp_mini_doghouse,
          minmay_strange_pillars, minmay_ruined_shrine, uniq_blork_the_orc
D:6:      layout_loops_ring, minmay_temple_entry_glass, trog_butcher_becter
D:7:      layout_rooms, nicolae_overflow_crystal_walls, basic_altar,
          grunt_livestock, minmay_misc_feat_tiny, minmay_misc_feat_diagonals,
          uniq_pikel
D:8:      layout_rooms, ploomutoo_gammafunk_ghost_potion_laboratory,
          serial_shops, nicolae_shop_stone, uniq_erica
D:9:      layout_layer_cave, erik_lair_island, serial_shops,
          kennysheep_mini_moat, dk_noncrumbling_2, uniq_psyche, uniq_maurice
Temple:   minmay_temple_curvy_branch
Lair:1:   layout_big_grid, st_stairs_5
Lair:2:   layout_loops_ring, tgw_fedhas
Lair:3:   layout_loops_ring, spider_nest_entry_rubble, serial_bayou_shore_b,
          lemuel_fruit_fields

Skill      XL: |  1  2  3  4  5  6  7  8  9 10 11 |
---------------+----------------------------------+-----
Fighting       | 1 2 3 4 6 7 |  7.3
Unarmed Combat | 1 2 3 4 5 6 8 10 11 12 | 12.0
Throwing       | 2 3 4 5 6 8 |  8.2
Dodging        | |  1.5
Spellcasting   | |  1.0
Hexes          | |  2.0
Evocations     | |  0.4

Action                   |  1- 3 |  4- 6 |  7- 9 | 10-12 || total
-------------------------+-------+-------+-------+-------++-------
Melee: Unarmed           |   129 |    60 |   290 |   240 ||   719
       Punch             |       |       |    11 |    12 ||    23
Throw: Large rock        |       |     5 |     4 |     3 ||    12
       Dart              |       |       |     1 |     5 ||     6
Evoke: Wand              |       |       |       |     3 ||     3
  Use: Potion            |       |     2 |       |       ||     2
       Scroll            |       |       |     5 |     2 ||     7
 Stab: Sleeping          |       |     2 |     2 |       ||     4
  Eat: Chunk             |    11 |     1 |    24 |    29 ||    65
       Ration            |       |       |     1 |       ||     1
Armor: Robe              |    49 |    16 |    70 |    43 ||   178
Dodge: Dodged            |    62 |    57 |   193 |   130 ||   442

Action                   |  1- 3 |  4- 6 |  7- 9 | 10-12 || total
-------------------------+-------+-------+-------+-------++-------
Melee: Unarmed           |   129 |    60 |   290 |   240 ||   719
       Punch             |       |       |    11 |    12 ||    23
Throw: Large rock        |       |     5 |     4 |     3 ||    12
       Dart              |       |       |     1 |     5 ||     6
Evoke: Wand              |       |       |       |     3 ||     3
  Use: Potion            |       |     2 |       |       ||     2
       Scroll            |       |       |     5 |     2 ||     7
 Stab: Sleeping          |       |     2 |     2 |       ||     4
  Eat: Chunk             |    11 |     1 |    24 |    29 ||    65
       Ration            |       |       |     1 |       ||     1
Armor: Robe              |    49 |    16 |    70 |    43 ||   178
Dodge: Dodged            |    62 |    57 |   193 |   130 ||   442
